 Dungeon Crawl Stone Soup version 0.29-a0-330-g52719c12eb (webtiles) character file.

Game seed: 8458205189902523544

40 Flugslaktarn the Stinger (level 3, 0/24 HPs)
             Began as a Human Venom Mage on Apr 12, 2022.
             Slain by an adder (1 damage)
             ... on level 4 of the Dungeon.
             The game lasted 00:02:58 (675 turns).

Flugslaktarn the Stinger (Human Venom Mage)          Turns: 675, Time: 00:02:59

Health: 0/24       AC:  2    Str:  8    XL:     3   Next: 72%
Magic:  2/6        EV: 12    Int: 17    God:
Gold:   74         SH:  0    Dex: 13    Spells: 6/7 levels left

rFire   + . .      SeeInvis +   u - +4 short sword
rCold   . . .      Faith    .   (no shield)
rNeg    . . .      Spirit   .   a - +0 robe
rPois   .          Reflect  .   (no helmet)
rElec   .          Harm     .   (no cloak)
rCorr   .          Rampage  .   (no gloves)
Will    .....                   (no boots)
Stlth   ++........              (no amulet)
HPRegen 0.08/turn               i - ring of see invisible
MPRegen 0.10/turn               f - ring of protection from fire

@: lethally poisoned (0 -> -5)
A: no striking features
a: no special abilities


You were on level 4 of the Dungeon.
You visited 1 branch of the dungeon, and saw 4 of its levels.

You collected 74 gold pieces.

Inventory:

Hand Weapons
 p - a +0 dagger of speed
   (You took it off a goblin on level 2 of the Dungeon)
 u - a +4 short sword (weapon)
   (You took it off a kobold on level 2 of the Dungeon)
 v - a +0 trident
   (You found it on level 3 of the Dungeon)
Missiles
 c - 2 boomerangs of dispersal
 e - 5 javelins
Armour
 a - a +0 robe (worn)
 l - a scarf of invisibility
   (You found it on level 3 of the Dungeon)
 o - the +3 leather armour "Nunatyic" {Fly rC- Str+8}
   (You found it on level 2 of the Dungeon)

   Str:       It affects your strength (+8).
   rC:        It makes you vulnerable to cold.
   Fly:       It grants you flight.
Jewellery
 f - a ring of protection from fire (right hand)
   (You found it on level 2 of the Dungeon)
 i - a ring of see invisible (left hand)
   (You found it on level 2 of the Dungeon)
 k - a ring of ice
   (You found it on level 3 of the Dungeon)
Scrolls
 h - a scroll of immolation {unknown}
 m - a scroll of enchant weapon
 s - a scroll of vulnerability
 t - a scroll of teleportation
 z - a scroll of blinking
Potions
 b - a potion of magic
 d - 3 potions of ambrosia
 n - a potion of cancellation
 w - a potion of might {unknown}
 x - a potion of brilliance {unknown}


   Skills:
 - Level 2.0 Dodging
 - Level 2.0 Stealth
 + Level 2.5 Spellcasting
 - Level 2.0 Transmutations
 + Level 3.5 Poison Magic


You had 6 spell levels left.
You knew the following spells:

 Your Spells              Type           Power      Damage    Failure   Level
a - Sting                 Tmut/Pois      44%        1d5       6%          1

Your spell library contained the following spells:

 Spells                   Type           Power      Damage    Failure   Level
 Poisonous Vapours        Pois/Air       16%        N/A       13%         2
 Mephitic Cloud           Conj/Pois/Air  6%         N/A       34%         3
 Olgreb's Toxic Radiance  Pois           14%        N/A       38%         4


Dungeon Overview and Level Annotations

Branches:
Dungeon (4/15)
 Temple: D:4-7

Altars:

Portals:
Sewer: D:4

Annotations:
D:4 Ijyb


Message History

As you read the scroll labelled YXEHIU OTAPE, it crumbles to dust.
It was a scroll of blinking.
z - a scroll of blinking;
d - 3 potions of ambrosia You now have 68 gold pieces (gained 8).
Your surroundings suddenly seem different.
Found a stone staircase leading up.
An orc comes into view. It is wielding a +0 club.
Casting: Sting (safe; 6% risk of failure)
Confirm with . or Enter, or press ? or * to list all spells.
You can't see any susceptible monsters within range! (Use Z to cast anyway.)
Casting: Sting (safe; 6% risk of failure)
Confirm with . or Enter, or press ? or * to list all spells.
You can't see any susceptible monsters within range! (Use Z to cast anyway.)
Casting: Sting (safe; 6% risk of failure)
Confirm with . or Enter, or press ? or * to list all spells.
Aiming: Sting (safe; 6% risk of failure)
Press: ? - help, Shift-Dir - straight line, f - orc
Aim: an orc, wielding a +0 club (asleep, 100% to hit)
The sting hits the orc.
The orc is poisoned.
The orc is moderately wounded.
The orc shouts!
Casting: Sting (safe; 6% risk of failure)
Confirm with . or Enter, or press ? or * to list all spells.
Aiming: Sting (safe; 6% risk of failure)
Press: ? - help, Shift-Dir - straight line, f/p - orc
Aim: an orc, wielding a +0 club (moderately wounded, poisoned, 71% to hit)
The sting hits the orc.
The orc looks even sicker.
The orc is almost dead.
You hit the orc.
You kill the orc!
You see here a +0 club.
You drop a +0 dagger.
You drop 2 potions of degeneration.
Found a robe.
Found 6 gold pieces.
You now have 74 gold pieces (gained 6).
You open the door.
Found a stone staircase leading down.
There is an open door here.
You hear the slow rusting of a drain very nearby.
You open the door.
There is an open door here.
There is an open door here.
You open the door.
There is an open door here.
An adder comes into view.
The adder hisses angrily.
You enter the shallow water.
Moving in this stuff is going to be slow.
Found a glowing drain.
The adder barely misses you.
Casting: Sting (safe; 6% risk of failure)
Confirm with . or Enter, or press ? or * to list all spells.
Aiming: Sting (safe; 6% risk of failure)
Press: ? - help, Shift-Dir - straight line, f - adder
Aim: an adder (53% to hit)
The sting hits the adder but does no damage.
The adder is poisoned.
The adder bites you but does no damage. The adder barely misses you.
Casting: Sting (safe; 6% risk of failure)
Confirm with . or Enter, or press ? or * to list all spells.
Aiming: Sting (safe; 6% risk of failure)
Press: ? - help, Shift-Dir - straight line, f/p - adder
Aim: an adder (poisoned, 53% to hit)
The sting misses the adder.
The adder bites you.
You are poisoned.
The adder poisons you!
You miss the adder.
You feel sick. The adder bites you but does no damage.
You hit the adder.
The adder is moderately wounded.
You feel sick. The adder bites you.
You are more poisoned.
The adder poisons you! The adder misses you.
You barely miss the adder.
The adder is moderately wounded.
You feel sick.
The adder looks more healthy.
The adder misses you. The adder attacks as you move away! The adder bites you.
You are lethally poisoned!
The adder poisons you!
You feel very sick. The adder barely misses you. x2
Casting: Sting (safe; 6% risk of failure)
Confirm with . or Enter, or press ? or * to list all spells.
Aiming: Sting (safe; 6% risk of failure)
Press: ? - help, Shift-Dir - straight line, f/p - adder
Aim: an adder (moderately wounded, 53% to hit)
The sting hits the adder.
The adder is poisoned.
The adder is heavily wounded.
* * * LOW HITPOINT WARNING * * *
You feel sick. The adder bites you.
* * * LOW HITPOINT WARNING * * *
Casting: Sting (safe; 6% risk of failure)
Confirm with . or Enter, or press ? or * to list all spells.
Aiming: Sting (safe; 6% risk of failure)
Press: ? - help, Shift-Dir - straight line, f/p - adder
Aim: an adder (heavily wounded, poisoned, 53% to hit)
The sting hits the adder.
The adder looks even sicker.
The adder is almost dead.
* * * LOW HITPOINT WARNING * * *
You feel sick. The adder barely misses you. The adder bites you.
You die...

##### #...#
######...########
#.......@S≈≈≈≈≈≈∩
#.###############
#.# #...#
###.#### ##.##
#......# #.#
#.#.##.# #.#
#.#.##.# ##'## #
#.##.# ##...##
#.#.##.#
##.....##


You could see an adder (very poisoned).

Vanquished Creatures
  An adder (D:3)
  An orc (D:4)
  4 endoplasms
  A giant cockroach (D:2)
  2 goblins
  A hobgoblin (D:1)
  4 jackals (D:4)
  2 quokkas (D:2)
  2 ball pythons
  2 bats
  3 frilled lizards
  3 kobolds
  2 rats
28 creatures vanquished.

Notes
Turn   | Place    | Note
-------+----------+-------------------------------------------
     0 | D:1      | Flugslaktarn the Human Venom Mage began the quest for the
                  | Orb.
     0 | D:1      | Reached XP level 1. HP: 13/13 MP: 3/3
   106 | D:2      | Reached XP level 2. HP: 17/19 MP: 0/5
   269 | D:2      | Identified the +3 leather armour "Nunatyic" {Fly rC- Str+8}
   420 | D:3      | Reached XP level 3. HP: 24/24 MP: 3/6
   524 | D:4      | Noticed Ijyb
   667 | D:4      | Found a glowing drain.
   675 | D:4      | HP: 1/24 [poisoned by an adder]
   675 | D:4      | Slain by an adder

Illustrated notes

Levels and vault maps discovered:
D:1:      dpeg_arrival_another_circle, layout_rooms,
          dreamdust_ecumenical_altar_angels_and_demons
D:2:      layout_basic
D:3:      layout_loops_ring
D:4:      layout_loops_corners, nicolae_overflow_crystal_walls,
          portal_sewer_entry_d, uniq_grinder, uniq_edmund, uniq_ijyb,
          uniq_natasha

Skill      XL: |  1  2 |
---------------+-------+-----
Transmutations | 2 |  2.0
Dodging        | |  2.0
Stealth        | |  2.0
Spellcasting   | |  2.5
Poison Magic   | |  3.5

Action                   || total
-------------------------++-------
Melee: Unarmed           ||    11
       Dagger            ||     9
       Short sword       ||    24
 Cast: Sting             ||    39
  Use: Scroll            ||     8
Armor: Robe              ||    22
Dodge: Dodged            ||    45

Table legend: (Time is in decaauts)
 A = Elapsed time spent in this place.
 B = Non-inter-level travel time spent in this place.
 C = Inter-level travel time spent in this place.
 D = Time resting spent in this place.
 E = Time spent auto-exploring this place.
 F = Levels seen in this place.
 G = Mean time per level.
                   A        B        C        D        E       F      G
               +--------+--------+--------+--------+--------+-----+--------+
         Total |    675 |    668 |      7 |      0 |      0 |   4 |  168.8 |
       Dungeon |    675 |    668 |      7 |      0 |      0 |   4 |  168.8 |
               +--------+--------+--------+--------+--------+-----+--------+

Top non-repeatable levels by time:
     D:2: 220 daAuts
     D:4: 200 daAuts
     D:3: 175 daAuts
     D:1: 80 daAuts
